 Dungeon Crawl Stone Soup version 0.31-a0-1072-g202bf7e (webtiles) character file.

Game seed: 350177272013745335

12749 Dorkslayer the Cleaver (level 11, -8/70 (97) HPs)
             Began as a Hill Orc Fighter on Nov 26, 2023.
             Was an Initiate of Gozag.
             Mangled by Rupert
             ... wielding a +2 great mace of draining
              (11 damage)
             ... on level 12 of the Dungeon.
             The game lasted 00:44:51 (11673 turns).

Dorkslayer the Cleaver (Hill Orc Fighter)          Turns: 11673, Time: 00:44:53

HP:   -8/70 (97)    AC: 20    Str: 27      XL:     11   Next: 98%
MP:   11/11         EV:  9    Int:  5 (8)  God:    Gozag
Gold: 1425          SH:  5    Dex: 12      Spells: 10/10 levels left

rFire   . . .        a - +2 war axe (chaos)
rCold   + . .        c - +0 buckler
rNeg    . . .        s - +0 plate armour
rPois   +            q - +2 hat
rElec   .            f - +1 cloak
rCorr   .            (no gloves)
SInv    +            (no boots)
Will    .....        y - amulet of the acrobat Stlth
                     v - ring of see invisible
HPRegen 0.31/turn    I - ring "Toariaff" {Wiz rPois Str+5}
MPRegen 0.12/turn

%: acrobat, wizardry (x1)
@: very heavily drained
A: antennae 1, iridescent scales 1, cold resistance 1
a: Renounce Religion, Potion Petition, Call Merchant, Bribe Branch


You were on level 12 of the Dungeon.
You worshipped Gozag.
Gozag was most pleased with you.
You visited 2 branches of the dungeon, and saw 13 of its levels.
You also visited: Bailey and Gauntlet.

You collected 1738 gold pieces.
You spent 105 gold pieces at shops.
You paid 208 gold pieces to Gozag.

Inventory:

Hand Weapons
 a - a +2 war axe of chaos (weapon)
 n - the +2 mace of Joyful Slaughter {heavy, rElec Will+}
   (You took it off a kobold on level 3 of the Dungeon)

   rElec:     It insulates you from electricity.
   Will+:     It increases your willpower.
 E - a +4 morningstar
Missiles
 d - 4 curare-tipped darts
 j - 4 silver javelins
 t - 26 boomerangs (quivered)
 u - 3 atropa-tipped darts
 w - 2 darts of dispersal
 x - 4 datura-tipped darts
Armour
 c - a +0 buckler (worn)
 f - a +1 cloak (worn)
 o - +0 swamp dragon scales
 q - a +2 hat (worn)
 s - a +0 plate armour (worn)
Jewellery
 v - a ring of see invisible (left hand)
 y - an amulet of the acrobat (around neck)
 I - the ring "Toariaff" (right hand) {Wiz rPois Str+5}
   (You found it in a Gauntlet)

   [ring of wizardry]

   Wiz:       It improves your spell success rate.
   Str+5:     It affects your strength (+5).
   rPois:     It protects you from poison
Wands
 i - a wand of charming (19)
 k - a wand of polymorph (5)
 p - a wand of roots (7)
 D - a wand of flame (11)
Scrolls
 b - 4 scrolls of immolation
 l - a scroll of butterflies
 z - a scroll of fog
 B - a scroll of teleportation
 C - 6 scrolls of enchant armour
 J - a scroll of fear
 K - a scroll of silence
Potions
 e - 2 potions of curing
 g - 3 potions of brilliance
 h - 2 potions of enlightenment
 m - 4 potions of mutation
 F - 3 potions of resistance
Miscellaneous
 r - a phantom mirror (inert)
 G - a tin of tremorstones (1/2)


   Skills:
 + Level 9.0 Fighting
 + Level 11.9(12.4) Axes
 + Level 4.9(8.1) Maces & Flails
 + Level 1.7 Throwing
 + Level 8.5 Armour
 * Level 6.7 Dodging
 + Level 1.2 Stealth
 + Level 5.6 Shields
 * Level 8.1 Evocations


You had 10 spell levels left.
You didn't know any spells.
Your spell library contained the following spells:

 Spells                   Type           Power      Damage    Failure   Level
 Magic Dart               Conj           0%         1d3       91%         1
 Sting                    Tmut/Pois      0%         1d3       91%         1
 Call Imp                 Summ           0%         N/A       97%         2
 Ensorcelled Hibernation  Hex/Ice        0%         N/A       97%         2
 Jinxbite                 Hex            0%         N/A       97%         2
 Poisonous Vapours        Pois/Air       0%         N/A       97%         2
 Mephitic Cloud           Conj/Pois/Air  0%         N/A       99%         3
 Stone Arrow              Conj/Erth      0%         3d7       99%         3
 Anguish                  Hex/Necr       0%         N/A       100%        4
 Animate Armour           Summ/Erth      0%         N/A       100%        4
 Cause Fear               Hex            0%         N/A       100%        4
 Olgreb's Toxic Radiance  Pois           0%         N/A       100%        4
 Summon Lightning Spire   Summ/Air       0%         N/A       100%        4
 Vhi's Electric Charge    Tloc/Air       0%         N/A       100%        4
 Arcjolt                  Conj/Air       0%         1d10      100%        5
 Lee's Rapid Deconstruct  Erth           0%         3d4*      100%        5
 Conjure Ball Lightning   Conj/Air       0%         3x3d6     100%        6
 Plasma Beam              Fire/Air       0%         2x1d10    100%        6
 Enfeeble                 Hex            0%         N/A       100%        7
 Discord                  Hex            0%         N/A       100%        8
 Disjunction              Tloc           0%         N/A       100%        8
 Lehudib's Crystal Spear  Conj/Erth      0%         10d2      100%        8


Dungeon Overview and Level Annotations

Branches:
Dungeon (12/15)            Temple (1/1) D:6            Lair (0/5) D:8
 Bailey (visited)         Gauntlet (visited)
    Orc: D:9-12

Altars:
Ashenzari
Cheibriados
Dithmenos
Elyvilon
Fedhas
Gozag
Hepliaklqana
Kikubaaqudgha
Makhleb
Nemelex Xobeh
Okawaru
Qazlal
Ru
Sif Muna
Trog
Uskayaw
Vehumet
Wu Jian
Xom
Yredelemnul
Zin
The Shining One

Shops:
D:2 [   D:3 *   D:4 *[=

Annotations:
D:12 Rupert


Innate Abilities, Weirdness & Mutations

You have a pair of small antennae on your head.
You are partially covered in iridescent scales. (AC +2)
Your flesh is cold resistant. (rC+)


Message History

Unknown command.
Aiming: Fastroot
Press: ? - help, Shift-Dir - straight line, p - Rupert The roots erupt in riotous growth!
Roots grab Rupert.
The grasping roots constrict Rupert!
Rupert is no longer berserk.
Rupert shimmers and vanishes!
Rupert roars madly and goes into a rage!
Rupert goes berserk!
Okay, then.
Aiming: Quicksilver Bolt
Press: ? - help, Shift-Dir - straight line, f - Rupert
Aim: Rupert, wielding a +2 great mace of draining and wearing a +0 leather armour (moderately wounded, berserk, constricted by roots, 100% to hit)
The bolt of dispelling energy hits Rupert!!
Rupert is heavily wounded.
The grasping roots constrict Rupert!
The roots release their grip on Rupert.
Aiming: Quicksilver Bolt
Press: ? - help, Shift-Dir - straight line, f/p - Rupert
Aim: Rupert, wielding a +2 great mace of draining and wearing a +0 leather armour (heavily wounded, berserk, 74% to hit)
The bolt of dispelling energy hits Rupert!!
Rupert is severely wounded.
Rupert hits you with a +2 great mace of draining!
You feel drained.
Aiming: Quicksilver Bolt
Press: ? - help, Shift-Dir - straight line, f/p - Rupert
Aim: Rupert, wielding a +2 great mace of draining and wearing a +0 leather armour (severely wounded, berserk, 74% to hit)
The bolt of dispelling energy hits Rupert!!
Rupert is almost dead.
The now-empty wand crumbles to dust.
Rupert hits you with a +2 great mace of draining!!
You feel drained. Rupert hits you but does no damage.
You feel drained.
You barely miss Rupert.
Rupert is almost dead.
Rupert hits you with a +2 great mace of draining!!!
Ouch! That really hurt!
* * * LOW HITPOINT WARNING * * *
You feel drained.
You die...
Rupert roars with triumph.
Your body crumbles into a pile of gold.

#.# #........#
#.#####........#
#..............#
#..............#
#######........#######.#
#................#
#.........$......#
####......@..#####..#
..........@..#
..........)<.#
..............#
######..∩.....#
#........# #........#
#........# #........#
##########


You could see Rupert (berserk).

Vanquished Creatures
  A minotaur (Gauntlet)
  A hydra (D:8)
  A wretched star (Gauntlet)
  An orange crystal statue (D:11)
  A necromancer (Gauntlet)
  A deep elf pyromancer (D:9)
  An ugly thing (D:11)
  A cyclops (D:11)
  Maurice (D:7)
  A manticore (D:11)
  A gargoyle (D:11)
  A kobold demonologist (D:11)
  2 trolls (D:8)
  A dream sheep (D:8)
  A shadow (D:10)
  2 wraiths
  2 wyverns (D:7)
  2 neqoxecs (Gauntlet)
  A basilisk (D:11)
  A steam dragon (D:6)
  2 chaos spawn (Gauntlet)
  Menkaure (D:7)
  Edmund (D:6)
  An acid dragon (D:11)
  2 water moccasins
  2 ice beasts (D:8)
  6 orc warriors
  2 black bears
  2 small abominations (Gauntlet)
  2 wolves (Gauntlet)
  An ogre (D:5)
  5 centaurs
  A phantom (D:7)
  11 kobold brigands
  A bullfrog (D:6)
  2 scorpions
  3 wights (D:6)
  2 howler monkeys (D:8)
  5 hounds
  A jelly (D:7)
  Crazy Yiuf (D:3)
  5 orc priests
  A gnoll bouda (D:7)
  A sleepcap (D:6)
  Ijyb (D:4)
  4 iguanas
  7 orc wizards
  9 adders
  15 gnolls
  A white imp (D:5)
  3 worms (D:2)
  2 dart slugs (D:5)
  28 orcs
  9 ball pythons
  10 bats
  4 endoplasms
  11 giant cockroaches
  8 goblins
  9 hobgoblins
  2 jackals (D:1)
  11 kobolds
  5 frilled lizards (D:2)
  7 rats
231 creatures vanquished.

Vanquished Creatures (collateral kills)
  A kobold demonologist (D:11)
  A dream sheep (D:8)
2 creatures vanquished.

Vanquished Creatures (others)
  A two-headed ogre (D:12)
  3 ugly things (D:11)
  A gnoll (D:7)
  A kobold zombie (Bailey)
6 creatures vanquished.

Grand Total: 239 creatures vanquished

Notes
Turn   | Place    | Note
-------+----------+-------------------------------------------
     0 | D:1      | Dorkslayer the Hill Orc Fighter began the quest for the
                  | Orb.
     0 | D:1      | Reached XP level 1. HP: 19/19 MP: 1/1
   195 | D:1      | Reached XP level 2. HP: 27/27 MP: 2/2
   309 | D:1      | Reached skill level 3 in Axes
   481 | D:1      | Reached XP level 3. HP: 33/33 MP: 3/3
   612 | D:1      | You fall into a shaft and drop 1 floor!
   946 | D:2      | Reached skill level 1 in Dodging
   951 | D:2      | Reached XP level 4. HP: 40/40 MP: 4/4
  1192 | D:2      | Found Pamomoc's Armour Shop.
  1201 | D:2      | Reached skill level 4 in Axes
  1454 | D:3      | Found a faded altar of an unknown god.
  1766 | D:3      | Found Jonwuip's General Store.
  2041 | D:3      | Identified the +2 mace of Joyful Slaughter {heavy, rElec
                  | Will+}
  2045 | D:3      | Found a glowing golden altar of the Shining One.
  2084 | D:3      | Reached XP level 5. HP: 46/46 MP: 5/5
  2214 | D:3      | Found a runed translucent door.
  2215 | D:3      | Noticed Crazy Yiuf
  2223 | D:3      | Killed Crazy Yiuf
  2224 | D:3      | Reached skill level 1 in Evocations
  2360 | D:4      | Found Piots's Assorted Antiques.
  2382 | D:4      | Noticed Ijyb
  2390 | D:4      | Killed Ijyb
  2404 | D:4      | Bought a scroll labelled JYVIJU JEIPP for 22 gold pieces
  2404 | D:4      | Bought 2 clear potions for 39 gold pieces
  2404 | D:4      | Bought a scroll of identify for 44 gold pieces
  2513 | D:4      | Found a white marble altar of Elyvilon.
  2714 | D:4      | Reached XP level 6. HP: 44/52 MP: 6/6
  2717 | D:4      | Reached skill level 5 in Axes
  2816 | D:4      | Found Molasoim's Jewellery Boutique.
  2841 | D:4      | Found Rithudet's Antique Armour Shop.
  3174 | D:5      | Entered Level 5 of the Dungeon
  3266 | D:5      | Noticed a black bear
  3272 | D:5      | Killed a black bear
  3273 | D:5      | Reached skill level 1 in Maces & Flails
  3341 | D:5      | Noticed a water moccasin
  3347 | D:5      | Killed a water moccasin
  3348 | D:5      | Reached XP level 7. HP: 47/60 MP: 7/7
  3766 | D:5      | Reached skill level 5 in Armour
  4307 | D:6      | Noticed a +0 dagger
  4308 | D:6      | Found a hide-covered altar of Uskayaw.
  4308 | D:6      | Noticed a +0 hand axe
  4340 | D:6      | Noticed Edmund
  4341 | D:6      | Noticed a steam dragon
  4352 | D:6      | Killed Edmund
  4353 | D:6      | Reached XP level 8. HP: 49/67 MP: 8/8
  4360 | D:6      | Reached skill level 5 in Fighting
  4370 | D:6      | Found a glowing silver altar of Zin.
  4693 | D:6      | Found a staircase to the Ecumenical Temple.
  4934 | D:7      | Found a flagged portal.
  4956 | Bailey   | Entered a bailey
  5116 | Bailey   | Reached XP level 9. HP: 50/75 MP: 9/9
  5239 | Bailey   | Reached skill level 5 in Evocations
  5322 | Bailey   | Reached skill level 6 in Axes
  5546 | Bailey   | Found an iron altar of Okawaru.
  5805 | D:7      | Noticed Menkaure
  5811 | D:7      | Killed Menkaure
  5929 | D:7      | Reached skill level 7 in Axes
  6324 | D:7      | Noticed Maurice
  6351 | D:7      | Reached skill level 5 in Shields
  6369 | D:7      | Killed Maurice
  6370 | D:7      | Reached skill level 8 in Axes
  6370 | D:7      | Reached XP level 10. HP: 73/84 MP: 10/10
  6586 | D:8      | Reached skill level 5 in Dodging
  6593 | D:8      | Found an ornate altar of the Wu Jian Council.
  7019 | D:8      | Found a staircase to the Lair.
  7228 | D:8      | Reached skill level 9 in Axes
  7236 | D:8      | Noticed a two-headed hydra
  7242 | D:8      | Killed a two-headed hydra
  7592 | Temple   | Entered the Ecumenical Temple
  7610 | Temple   | Became a worshipper of Gozag Ym Sagoz the Greedy
  8146 | D:9      | Noticed a deep elf pyromancer
  8151 | D:9      | Killed a deep elf pyromancer
  8152 | D:9      | Reached skill level 10 in Axes
  8306 | D:9      | Reached skill level 1 in Throwing
  8371 | D:9      | Identified a scroll of acquirement
  8371 | D:9      | Acquired 340 gold pieces
  8690 | D:10     | Entered Level 10 of the Dungeon
  8779 | D:10     | Found an ancient bone altar of Kikubaaqudgha.
  8869 | D:10     | Reached XP level 11. HP: 88/92 MP: 11/11
  9099 | D:10     | Found a sparkling altar of Nemelex Xobeh.
  9099 | D:10     | Found a snail-covered altar of Cheibriados.
  9535 | D:11     | Found a large runed translucent door.
  9537 | D:11     | Found a large runed translucent door.
  9683 | D:11     | Noticed a manticore
  9687 | D:11     | Killed a manticore
  9688 | D:11     | Reached skill level 1 in Stealth
  9797 | D:11     | Noticed a cyclops
  9806 | D:11     | Killed a cyclops
  9934 | D:11     | Found a shimmering altar of Xom.
  9934 | D:11     | Noticed a red ugly thing
  9934 | D:11     | Noticed a cyan ugly thing
  9934 | D:11     | Noticed a brown ugly thing
  9934 | D:11     | Noticed a red ugly thing
 10203 | D:11     | Noticed an orange crystal statue
 10361 | D:11     | Gained mutation: Your flesh is cold resistant. (rC+)
                  | [potion of mutation]
 10361 | D:11     | Gained mutation: You have a pair of small antennae on your
                  | head. [potion of mutation]
 10361 | D:11     | Gained mutation: You are partially covered in iridescent
                  | scales. (AC +2) [potion of mutation]
 10371 | D:11     | Noticed a sixfirhy
 10401 | D:11     | Killed a cyan ugly thing
 10449 | D:11     | Killed an orange crystal statue
 10450 | D:11     | Reached skill level 11 in Axes
 10611 | D:12     | Found a gate leading to a gauntlet.
 10617 | Gauntlet | Entered a Gauntlet
 10617 | Gauntlet | Noticed a necromancer
 10617 | Gauntlet | Found a large runed translucent door.
 10617 | Gauntlet | Found a large runed translucent door.
 10617 | Gauntlet | Found a large runed translucent door.
 10617 | Gauntlet | Found a large runed translucent door.
 10617 | Gauntlet | Found a large runed translucent door.
 10617 | Gauntlet | Found a large runed translucent door.
 10617 | Gauntlet | Found a transporter.
 10617 | Gauntlet | Found a large runed translucent door.
 10617 | Gauntlet | Found a large runed translucent door.
 10617 | Gauntlet | Found a runed translucent door.
 10617 | Gauntlet | Found a runed translucent gate.
 10617 | Gauntlet | Found a runed translucent gate.
 10617 | Gauntlet | Found a transporter.
 10617 | Gauntlet | Found a transporter.
 10619 | Gauntlet | Found a runed translucent door.
 10619 | Gauntlet | Found a runed translucent gate.
 10622 | Gauntlet | Found a large runed translucent door.
 10622 | Gauntlet | Found a large runed translucent door.
 10622 | Gauntlet | Found a large runed translucent door.
 10622 | Gauntlet | Found a large runed translucent door.
 10623 | Gauntlet | Found a large runed translucent door.
 10623 | Gauntlet | Found a large runed translucent door.
 10624 | Gauntlet | Found a large runed translucent door.
 10624 | Gauntlet | Found a large runed translucent door.
 10638 | Gauntlet | Found a transporter.
 10648 | Gauntlet | Found a transporter.
 10651 | Gauntlet | Found a transporter.
 10657 | Gauntlet | Noticed a wretched star
 10671 | Gauntlet | Found a transporter.
 10682 | Gauntlet | Noticed an arcanist
 10683 | Gauntlet | Noticed an arcanist
 10683 | Gauntlet | Found a runed translucent door.
 10685 | Gauntlet | Found a transporter.
 10687 | Gauntlet | Found a runed translucent door.
 10699 | Gauntlet | Found a transporter.
 10702 | Gauntlet | Found a transporter.
 10708 | Gauntlet | Noticed a necromancer
 10710 | Gauntlet | Found a transporter.
 10713 | Gauntlet | Found a transporter.
 10713 | Gauntlet | Found the +2 hat of the Bear Spirit {Spirit, Bear, *Rage
                  | Will++}
 10722 | Gauntlet | Noticed a necromancer
 10767 | Gauntlet | Killed a necromancer
 11013 | Gauntlet | Killed a wretched star
 11049 | Gauntlet | Identified the ring "Toariaff" {Wiz rPois Str+5}
 11154 | Gauntlet | Noticed a minotaur
 11180 | Gauntlet | Killed a minotaur
 11326 | D:12     | Noticed a two-headed ogre
 11351 | D:12     | Noticed Rupert
 11666 | D:12     | Paralysed by Rupert for 2 turns
 11673 | D:12     | HP: 3/76 [Rupert/+2 great mace of draining (38)]
 11673 | D:12     | Mangled by Rupert

Illustrated notes

Levels and vault maps discovered:
D:1:      ldierk_walled_garden_2, layout_loops_cross, amcnicky_mini_pool_small,
          dk_noncrumbling_2
D:2:      minmay_roachtagon, layout_loops_ring, serial_shops,
          nicolae_shop_temple_entry_statues_fountains
D:3:      layout_loops_ring, nicolae_tso_carved_into_rock, serial_shops,
          nicolae_shop_stone, ebering_ecumenical_altar_hall,
          uniq_crazy_yiuf_cottage
D:4:      layout_gridville, mainiacjoe_overflow_24_doors, serial_shops,
          nicolae_shop_window_shopping, shop, shop, uniq_ijyb
D:5:      layout_loops_ring
D:6:      layout_rooms, zin_statuary, dancing_weapons_uskayaw,
          minmay_temple_entry_from_below_a, uniq_edmund
D:7:      layout_loops_cross, enter_bailey_7, uniq_menkaure, uniq_maurice
D:8:      layout_loops_corners, mainiacjoe_overflow_brackets, dpeg_oklobed_lair,
          hangedman_ranch
D:9:      nicolae_whirlpool, layout_rooms, minmay_librarian
D:10:     layout_cave_pods, mainiacjoe_overflow_catwalk,
          gammafunk_temple_overflow_pools, nicolae_titane
D:11:     due_chaos_kobolds, layout_basic
D:12:     minmay_the_grid_octo_tiled_squarecenter
          [minmay_the_grid_octo_pinwheel, minmay_the_grid_octo_tetromino_candy,
          minmay_the_grid_octo_horde, minmay_the_grid_octo_77,
          minmay_the_grid_square_5x5_megaprize_diamond,
          minmay_the_grid_square_5x5_tie, minmay_the_grid_square_5x5_one_wall,
          minmay_the_grid_square_5x5_bracketed,
          minmay_the_grid_square_5x5_checkered_statues], layout_small_grid,
          david_orc_5, gauntlet_entry_generic, uniq_nessos, uniq_frances,
          uniq_gastronok, uniq_rupert
Temple:   nicolae_temple_bog_church

Skill      XL: |  1  2  3  4  5  6  7  8  9 10 11 |
---------------+----------------------------------+-----
Axes           | 3 4 5 8 10 11 | 11.9
Fighting       | 4 5 6 7 9 |  9.0
Dodging        | 1 2 3 4 5 6 |  6.7
Armour         | 4 5 6 7 8 |  8.5
Evocations     | 1 2 3 4 6 7 8 |  8.1
Maces & Flails | 1 2 4 |  4.9
Shields        | 4 5 |  5.6
Throwing       | 1 |  1.7
Stealth        | 1 |  1.2

Action                     |  1- 3 |  4- 6 |  7- 9 | 10-12 || total
---------------------------+-------+-------+-------+-------++-------
  Melee: War axe           |   103 |   100 |   145 |   236 ||   584
         Mace              |       |    83 |   113 |       ||   196
         Morningstar       |       |       |       |    21 ||    21
  Throw: Dart              |       |       |     4 |     9 ||    13
         Boomerang         |       |       |     3 |    16 ||    19
  Evoke: Wand              |       |       |    20 |    43 ||    63
         Phantom mirror    |       |       |       |     1 ||     1
         Tin of tremorston |       |       |       |     1 ||     1
    Use: Scroll            |       |    16 |     3 |     9 ||    28
         Potion            |       |     2 |     4 |     9 ||    15
   Stab: Confused          |       |       |       |     2 ||     2
 Armour: Scale mail        |    27 |       |       |       ||    27
         Chain mail        |    74 |    93 |       |       ||   167
         Swamp dragon scal |       |   101 |    95 |       ||   196
         Plate armour      |       |       |   138 |   277 ||   415
  Dodge: Dodged            |    78 |   119 |   138 |   144 ||   479
  Block: Buckler           |    27 |    40 |    78 |    56 ||   201

Table legend: (Time is in decaauts)
 A = Elapsed time spent in this place.
 B = Non-inter-level travel time spent in this place.
 C = Inter-level travel time spent in this place.
 D = Time resting spent in this place.
 E = Time spent auto-exploring this place.
 F = Levels seen in this place.
 G = Mean time per level.
                   A        B        C        D        E       F      G
               +--------+--------+--------+--------+--------+-----+--------+
         Total |  11978 |  11926 |     52 |   1126 |   5688 |  15 |  798.5 |
       Dungeon |  10753 |  10701 |     52 |    556 |   5688 |  12 |  896.1 |
        Temple |     35 |     35 |      0 |      0 |      0 |   1 |   35.0 |
        Bailey |    635 |    635 |      0 |    332 |      0 |   1 |  635.0 |
      Gauntlet |    554 |    554 |      0 |    238 |      0 |   1 |  554.0 |
               +--------+--------+--------+--------+--------+-----+--------+

Top non-repeatable levels by time:
     D:8: 1327 daAuts
    D:11: 1294 daAuts
     D:7: 1066 daAuts
     D:5: 1012 daAuts
     D:3: 961 daAuts
     D:4: 855 daAuts
     D:9: 851 daAuts
    D:10: 810 daAuts
     D:6: 787 daAuts
     D:1: 755 daAuts
     D:2: 728 daAuts
  Bailey: 635 daAuts
Gauntlet: 554 daAuts
    D:12: 302 daAuts
  Temple: 35 daAuts
